 Dungeon Crawl Stone Soup version 0.24-a0-545-gd1b266bae6 (webtiles) character file.

Game seed: 14543831891479987840

0 Jannitor the Ducker (level 1, -7/11 HPs)
             Began as a Spriggan Abyssal Knight on Aug 18, 2019.
             Was a Follower of Lugonu.
             Killed by divine providence
             ... invoked by a smoke demon
              (16 damage)
             ... on level 1 of the Abyss.
             The game lasted 00:00:38 (142 turns).

Jannitor the Ducker (Spriggan Abyssal Knight)        Turns: 142, Time: 00:00:38

Health: -7/11      AC:  2    Str:  8    XL:     1   Next: 0%
Magic:  3/3        EV: 18    Int: 13    God:    Lugonu [*.....]
Gold:   0          SH:  0    Dex: 15    Spells: 0/0 levels left

rFire    . . .     SeeInvis +   a - +1 short sword
rCold    . . .     Gourm    .   (shield restricted)
rNeg     . . .     Faith    .   b - +0 robe
rPois    .         Spirit   .   (helmet restricted)
rElec    .         Reflect  .   (no cloak)
rCorr    .         Harm     .   (gloves unavailable)
MR       .....                  (boots unavailable)
Stlth    +.........             (no amulet)
HPRegen  0.03/turn              (no ring)
MPRegen  0.08/turn              (no ring)

@: very quick
A: very small, unfitting armour, see invisible, herbivore, speed 3, slow
metabolism 2
a: Depart the Abyss, Renounce Religion


You were on level 1 of the Abyss.
You worshipped Lugonu.
Lugonu was aware of your devotion.
You were not hungry.

You visited 0 branches of the dungeon, and saw 0 of its levels.
You visited the Abyss 1 time.

Inventory:

Hand Weapons
 a - a +1 short sword (weapon)
Armour
 b - a +0 robe (worn)
Comestibles
 c - a ration


   Skills:
 + Level 2.4 Fighting
 + Level 2.1 Short Blades
 + Level 3.5 Dodging
 + Level 1.7 Invocations


You couldn't memorise any spells.
You didn't know any spells.
Your spell library was empty.

Dungeon Overview and Level Annotations

Branches:
Dungeon (0/15)

Altars:


Innate Abilities, Weirdness & Mutations

You are very small and have problems with some larger weapons.
You are too small for most types of armour.
You have supernaturally acute eyesight. (SInv)
You are a herbivore.
You cover ground extremely quickly.
You need to consume almost no food.


Message History

Moving in this stuff is going to be slow.
A large abomination comes into view.
Found a gateway leading out of the Abyss.
A tentacled starspawn comes into view.
Found 6 stones.
Tentacles burst from the starspawn's body! 2 starspawn tentacles come into view.
A white very ugly thing comes into view.
The large abomination hits you.
A large abomination comes into view.
A tentacled starspawn comes into view.
A starcursed mass comes into view.
An iron imp and a large abomination come into view.
A smoke demon and an ancient zyme come into view.
The smoke demon roars!
You feel yourself growing ill in the presence of the ancient zyme.
The smoke demon gestures at you. Something smites you!
Ouch! That really hurt!
You die...

#.## # ##. ...
#.. ...
#..#####.##.#
###3.###
#......##. ##
##..#...####.
.#........
........#. #..###
#.#### #...x..
##..## # #.
#...###.#..# ## #
. #...#.#.X#X.#
#.
#....#@..#.##..#
#.###...#.#....
.......#####....#
#...#.... ##..
#...#.#.## .. #.#
.#..# ## #. .##
## #


You could see an ancient zyme and a smoke demon.

Vanquished Creatures (others)
  4 starspawn tentacles (Abyss:1)
4 creatures vanquished.

Notes
Turn   | Place    | Note
-------+----------+-------------------------------------------
     0 | Abyss:1  | Jannitor the Spriggan Abyssal Knight began the quest for
                  | the Orb.
     0 | Abyss:1  | Reached XP level 1. HP: 11/11 MP: 3/3
    36 | Abyss:1  | Noticed a quasit
    39 | Abyss:1  | Noticed a neqoxec
    62 | Abyss:1  | Noticed a large abomination
    63 | Abyss:1  | Noticed a tentacled starspawn
    65 | Abyss:1  | Noticed a white very ugly thing
    74 | Abyss:1  | Noticed a large abomination
    98 | Abyss:1  | Noticed a tentacled starspawn
   117 | Abyss:1  | Noticed a starcursed mass
   132 | Abyss:1  | Noticed an iron imp
   132 | Abyss:1  | Noticed a large abomination
   140 | Abyss:1  | Noticed a smoke demon
   140 | Abyss:1  | Noticed an ancient zyme
   142 | Abyss:1  | Killed from afar by a smoke demon

Levels and vault maps discovered:
Abyss:1

Table legend:
 A = Non-vault XP
 B = Vault XP
 C = Vault XP percentage of total XP
 D = Non-vault monster count
 E = Vault monster count
 F = Vault count percentage of total count
                 A         B        C        D         E       F
            +---------+---------+-------+---------+---------+-------
      Total |       0 |       0 |   N/A |       0 |       0 |  -nan
            +---------+---------+-------+---------+---------+-------
            +---------+---------+-------+---------+---------+-------
